 Dungeon Crawl Stone Soup version 0.30-a0-371-gad7725a93e (webtiles) character file.

Game seed: 13917270912251865044

32593 qeuew the Protected (level 13, -3/84 (92) HPs)
             Began as a Demonspawn Chaos Knight on Nov 23, 2022.
             Was a Plaything of Xom.
             Slain by a salamander
             ... wielding a +0 halberd
              (14 damage)
             ... in a volcano.
             The game lasted 00:44:47 (16353 turns).

qeuew the Protected (Demonspawn Chaos Knight)      Turns: 16353, Time: 00:44:48

HP:   -3/84 (92)    AC: 24    Str: 18      XL:     13   Next: 32%
MP:   13/13         EV: 11    Int: 14 (15) God:    Xom [..*...]
Gold: 244           SH:  0    Dex: 21      Spells: 12/12 levels left

rFire   . . .      SeeInvis +    o - +0 war axe
rCold   + + .      Faith    .    (no shield)
rNeg    . . .      Spirit   .    d - +1 crystal plate armour of Hepliaklqana's Envy {Int-2 Dex+4 SInv}
rPois   .          Reflect  +    (helmet restricted)
rElec   .          Harm     .    l - +1 cloak {Stlth+}
rCorr   .          Rampage  .    (no gloves)
Will    .....      Clarity  +    (no boots)
Stlth   ..........               k - amulet of reflection
HPRegen 0.34/turn                m - +6 ring of dexterity
MPRegen 0.26/turn                G - +4 ring of evasion

@: confused, mighty, ambrosia-drunk, studying Fighting, drained, invisible
(expiring), unable to read, unable to drink
A: antennae 2, ignite blood 3, magic regeneration, talons 1, clarity, clever 1,
cold resistance 2, frail 1, sense surroundings 1, evolution 2, inability to
drink after injury 1, inability to read after injury 1
a: Renounce Religion


You were in a volcano.
You worshipped Xom.
You were a toy of Xom.
You visited 2 branches of the dungeon, and saw 16 of its levels.
You visited the Abyss 1 time.
You also visited: Volcano.

You collected 1044 gold pieces.
You spent 800 gold pieces at shops.

Inventory:

Hand Weapons
 o - a +0 war axe (weapon)
Armour
 d - the +1 crystal plate armour of Hepliaklqana's Envy (worn) {Int-2 Dex+4 SInv}
   (You acquired it on level 3 of the Dungeon)

   Int:       It affects your intelligence (-2).
   Dex:       It affects your dexterity (+4).
   SInv:      It lets you see invisible.
 l - a +1 cloak of stealth (worn)
Jewellery
 e - a ring of flight
 k - an amulet of reflection (around neck)
 m - a +6 ring of dexterity (left hand)
 p - a ring of positive energy
 r - a ring of see invisible
 G - a +4 ring of evasion (right hand)
Wands
 a - a wand of digging (6)
 f - a wand of flame (34)
 t - a wand of roots (23)
 y - a wand of mindburst (11) (quivered)
 E - a wand of polymorph (6)
 F - a wand of charming (19)
 H - a wand of acid (11)
Scrolls
 g - 6 scrolls of enchant armour
 h - 5 scrolls of identify
 i - 4 scrolls of magic mapping
 q - 3 scrolls of fog
 s - 2 scrolls of teleportation
 z - 3 scrolls of amnesia
 A - 3 scrolls of fear
Potions
 b - 2 potions of cancellation
 j - a potion of might
 n - 5 potions of brilliance
 u - 3 potions of magic
 v - a potion of ambrosia
 B - a potion of flight
 D - 5 potions of curing
Miscellaneous
 c - a piece from Xom's chessboard (15/15)


   Skills:
 + Level 10.1 Fighting
 + Level 9.1 Axes
 * Level 11.4 Armour
 * Level 11.3 Dodging
 + Level 8.8 Evocations


You had 12 spell levels left.
You didn't know any spells.
Your spell library contained the following spells:

 Spells                   Type           Power      Damage    Failure   Level
 Apportation              Tloc           0%         N/A       100%        1
 Beastly Appendage        Tmut           0%         N/A       100%        1
 Wereblood                Tmut           0%         N/A       100%        2
 Call Canine Familiar     Summ           0%         N/A       100%        3
 Dazzling Flash           Conj/Hex       0%         N/A       100%        3
 Portal Projectile        Hex/Tloc       0%         N/A       100%        3
 Spider Form              Tmut/Pois      0%         N/A       100%        3
 Tukima's Dance           Hex            0%         N/A       100%        3
 Iskenderun's Mystic Bla  Conj/Tloc      0%         2d3       100%        4
 Leda's Liquefaction      Hex/Erth       0%         N/A       100%        4
 Summon Lightning Spire   Summ/Air       0%         N/A       100%        4
 Alistair's Intoxication  Tmut/Pois      0%         N/A       100%        5
 Blade Hands              Tmut           0%         N/A       100%        5
 Starburst                Conj/Fire      0%         6d3       100%        6
 Storm Form               Tmut/Air       0%         N/A       100%        7
 Maxwell's Capacitive Co  Air            0%         ∞         100%        8


Dungeon Overview and Level Annotations

Branches:
Dungeon (11/15)            Temple (0/1) D:6            Lair (5/5) D:10
 Shoals (0/4) Lair:3       Spider (0/4) Lair:2        Slime (0/5) Lair:5
Volcano (1/1)
    Orc: D:9-12

Altars:
Ashenzari
Nemelex Xobeh
Wu Jian
Xom

Shops:
D:7 :

Annotations:
Lair:4 2 runed translucent doors, Dobruq's ghost, journeyman OgTm


Innate Abilities, Weirdness & Mutations

You have a pair of antennae on your head.
Your demonic aura causes all spilled blood to erupt in flames.
You regenerate magic rapidly.
You have sharp toenails.
You possess an exceptional clarity of mind.
Your mind is acute. (Int +4, Str/Dex -1)
Your flesh is very cold resistant. (rC++)
You are frail. (-10% HP)
You passively map a small area around you.
You have great hidden genetic potential.
You occasionally lose the ability to drink potions when taking damage.
You occasionally lose the ability to read scrolls when taking damage.


Message History

The salamander is moderately wounded.
You can read scrolls again.
The salamander barely misses you. You block the red draconian's attack.
The salamander mystic gestures at the salamander while chanting.
The salamander seems to speed up.
Unknown command.
You catch the helpless salamander completely off-guard!
You slice the salamander!! You claw the salamander!
The salamander is severely wounded.
You flicker for a moment.
The red draconian hits you but does no damage.
Unknown command.
In the distance, the volcano erupts with a roar.
The salamander hits you but does no damage.
You see here a potion of magic.
You are confused.
You feel invigorated.
The salamander hits you with a +0 glaive.
* * * LOW HITPOINT WARNING * * *
You are engulfed in flames!
You feel threatened and lose the ability to read scrolls!
You feel threatened and lose the ability to drink potions!
* * * LOW HITPOINT WARNING * * *
The salamander closely misses you.
The salamander mystic hits you but does no damage.
The salamander hits you but does no damage.
The salamander closely misses you.
The red draconian breathes fire at the salamander.
The searing blast hits the salamander.
The salamander completely resists.
The salamander mystic points at you and mumbles some strange words.
The lance of force misses you.
Unknown command.
You closely miss the salamander.
The salamander is moderately wounded.
You hit the salamander. You hit the salamander mystic. You hit the salamander.
The salamander hits you with a +0 halberd.
* * * LOW HITPOINT WARNING * * *
You are engulfed in flames!
You die...
Xom snickers!

####§####
##≈≈≈≈≈≈§##
##§≈≈≈≈≈≈≈§*
####≈§≈§≈≈≈≈≈
##§§≈≈≈####### ~
#≈≈§§###d$$!$# ~
*
#≈≈§≈##.#.$.$.#{*
#§≈§≈#..'.N@N°+
{*
*§≈≈≈##..'.NN.☼+
* *
§≈§§#...#.....#,
~~
~§≈≈§#...#######
, ~
≈≈≈≈#...'$$.)!+ ~
≈≈§≈#...#..≈..#
#≈§≈#...#8≈≈≈8#
*≈≈≈≈##..+..≈..+
~ ≈≈≈ #..+.....+


You could see a red draconian (unable to see you, catching breath), a salamander
mystic (unable to see you) and 3 salamanders.

Vanquished Creatures
  A hydra (shapeshifter) (D:7)
  A catoblepas (D:10)
  A centaur warrior (D:10)
  A boulder beetle (Lair:4)
  3 two-headed ogres
  A lindwurm (Lair:3)
  Pikel (D:5)
  A necromancer (D:9)
  A manticore (D:10)
  6 black mambas
  Maurice (D:8)
  An orange demon (D:8)
  An apocalypse crab (Abyss:2)
  6 cane toads
  A rime drake (Lair:3)
  A kobold demonologist (D:10)
  6 komodo dragons
  A polar bear (Lair:3)
  A wind drake (Lair:2)
  A troll (Lair:4)
  A hornet (D:9)
  9 blink frogs
  3 jumping spiders
  Sigmund (D:6)
  5 wyverns
  A shadow (D:10)
  A wraith (D:11)
  3 large abominations
  51 yaks
  2 steam dragons
  3 vampire mosquitoes (D:7)
  A neqoxec (Abyss:2)
  2 acid dragons
  Duvessa (D:4)
  13 water moccasins
  A sky beast (D:4)
  An ice beast (D:5)
  4 orc warriors
  2 black bears
  3 ogres
  The ghost of equiv the Slasher, an amateur DgWr (D:4)
  A boggart (D:10)
  4 centaurs
  4 wolves (Lair:2)
  A phantom (D:6)
  A small abomination (Abyss:2)
  Blork the orc (D:4)
  17 bullfrogs
  A scorpion (D:10)
  A gnoll sergeant (D:9)
  5 wights (D:7)
  Dowan (D:4)
  6 killer bees
  2 jellies
  3 hounds
  Crazy Yiuf (D:2)
  5 orc priests
  A gnoll bouda (D:6)
  5 iguanas
  12 orc wizards
  Ijyb (D:5)
  9 gnolls
  9 adders
  2 shadow imps
  3 white imps
  2 ufetubi
  4 worms
  2 dart slugs
  41 orcs
  2 bats
  5 endoplasms
  3 giant cockroaches
  8 goblins
  5 hobgoblins
  3 quokkas
  2 ball pythons
  3 frilled lizards
  11 kobolds
  4 rats
337 creatures vanquished.

Vanquished Creatures (collateral kills)
  An eye of devastation (Lair:1)
  A water moccasin (D:10)
  A kobold brigand (D:10)
  A killer bee (D:9)
  An ufetubus (D:5)
  3 orcs
  A kobold (D:10)
9 creatures vanquished.

Vanquished Creatures (others)
  2 yaks (Lair:2)
  A killer bee (D:8)
  2 orcs (D:5)
  56 fungi
  50 plants
  10 starspawn tentacles (Abyss:2)
121 creatures vanquished.

Grand Total: 467 creatures vanquished

Notes
Turn   | Place    | Note
-------+----------+-------------------------------------------
     0 | D:1      | qeuew the Demonspawn Chaos Knight began the quest for the
                  | Orb.
     0 | D:1      | Reached XP level 1. HP: 18/18 MP: 1/1
   128 | D:1      | Reached skill level 1 in Dodging
   300 | D:1      | Gained mutation: Your demonic aura sometimes causes spilled
                  | blood to erupt in flames. [demonic ancestry]
   300 | D:1      | Reached XP level 2. HP: 24/24 MP: 2/2
   547 | D:1      | XOM: divination: detect creatures
   955 | D:2      | Found an ornate altar of the Wu Jian Council.
   987 | D:2      | Found a runed translucent door.
   988 | D:2      | Noticed Crazy Yiuf
  1042 | D:2      | XOM: 3-stop teleportation journey
  1067 | D:2      | Reached XP level 3. HP: 29/29 MP: 3/3
  1107 | D:2      | XOM: smoke on damage
  1169 | D:2      | XOM: smoke on damage
  1593 | D:2      | Killed Crazy Yiuf
  1594 | D:2      | Reached skill level 1 in Evocations
  1594 | D:2      | Reached XP level 4. HP: 13/35 MP: 4/4
  1712 | D:3      | Found a faded altar of an unknown god.
  1716 | D:3      | Noticed an ogre
  1726 | D:3      | XOM: summons 2 friendly demons
  1735 | D:3      | Killed an ogre
  1736 | D:3      | Gained mutation: Your demonic aura often causes spilled
                  | blood to erupt in flames. [demonic ancestry]
  1736 | D:3      | Reached XP level 5. HP: 36/41 MP: 5/5
  2088 | D:3      | Noticed an ogre
  2093 | D:3      | Killed an ogre
  2094 | D:3      | Gained mutation: Your demonic aura causes all spilled blood
                  | to erupt in flames. [demonic ancestry]
  2094 | D:3      | Reached XP level 6. HP: 28/48 MP: 6/6
  2385 | D:3      | XOM: fog
  2490 | D:3      | XOM: silly message
  2516 | D:3      | Identified a scroll of acquirement
  2516 | D:3      | Acquired the +1 crystal plate armour of Hepliaklqana's Envy
                  | {Int-2 Dex+4 SInv}
  2588 | D:4      | Noticed a sky beast
  2636 | D:4      | XOM: 2-stop teleportation journey
  2655 | D:4      | Found a runed translucent gate.
  2655 | D:4      | Noticed equiv's ghost (amateur DgWr)
  2656 | D:4      | Found a runed translucent gate.
  2657 | D:4      | Found a runed translucent gate.
  2750 | D:4      | Noticed Duvessa
  2750 | D:4      | Noticed Dowan
  2754 | D:4      | XOM: potion effect (haste)
  2757 | D:4      | Killed Dowan
  2758 | D:4      | Killed Duvessa
  2759 | D:4      | Gained mutation: You have a pair of small antennae on your
                  | head. [demonic ancestry]
  2759 | D:4      | Reached XP level 7. HP: 51/54 MP: 7/7
  2905 | D:4      | Noticed Blork the orc
  2906 | D:4      | XOM: silly message
  2908 | D:4      | Killed Blork the orc
  3181 | D:4      | XOM: draining
  3297 | D:4      | XOM: scenery: summon butterflies
  3308 | D:4      | XOM: butterfly on damage
  3312 | D:4      | Killed equiv's ghost
  3372 | D:5      | XOM: noise
  3372 | D:5      | Entered Level 5 of the Dungeon
  3460 | D:5      | HP: 2/42 [orc priest/divine providence (14)]
  3636 | D:5      | XOM: scenery: create altars
  3759 | D:5      | Reached skill level 5 in Axes
  3759 | D:5      | Reached XP level 8. HP: 41/60 MP: 8/8
  3898 | D:5      | XOM: god gift: staff of death
  3902 | D:5      | XOM: god gift: 48 gold pieces
  4031 | D:5      | Noticed Ijyb
  4038 | D:5      | Killed Ijyb
  4050 | D:5      | Noticed Pikel
  4050 | D:5      | XOM: summons 6 friendly demons
  4058 | D:5      | Killed Pikel
  4059 | D:5      | Reached skill level 5 in Fighting
  4059 | D:5      | Reached skill level 5 in Armour
  4104 | D:5      | XOM: divine lightning
  4231 | D:5      | Reached skill level 5 in Dodging
  4264 | D:5      | XOM: cloud trail
  4691 | D:6      | XOM: confuse monster(s)
  4866 | D:6      | XOM: snakes to sticks
  4985 | D:6      | Reached XP level 9. HP: 68/68 MP: 9/9
  4995 | D:6      | Noticed Sigmund
  5001 | D:6      | Killed Sigmund
  5078 | D:6      | Found a staircase to the Ecumenical Temple.
  5111 | D:7      | XOM: noise
  5119 | D:7      | Found Walax's Self-Improvement Boutique.
  5139 | D:7      | XOM: swap monsters
  5325 | D:7      | an iguana changed into a glowing shapeshifter
  5325 | D:7      | Noticed a glowing shapeshifter (glowing shapeshifter)
  5325 | D:7      | XOM: polymorph iguana -> glowing shapeshifter
  5325 | D:7      | a glowing shapeshifter changed into a glowing orange brain
  5325 | D:7      | Noticed a glowing orange brain (glowing shapeshifter)
  5331 | D:7      | a glowing orange brain changed into a death drake
  5331 | D:7      | Noticed a death drake (glowing shapeshifter)
  5332 | D:7      | a death drake changed into a glowing orange brain
  5332 | D:7      | Noticed a glowing orange brain (glowing shapeshifter)
  5336 | D:7      | a glowing orange brain changed into a mana viper
  5336 | D:7      | Noticed a mana viper (glowing shapeshifter)
  5338 | D:7      | XOM: swap monsters
  5345 | D:7      | a mana viper changed into a glowing orange brain
  5345 | D:7      | Noticed a glowing orange brain (glowing shapeshifter)
  5348 | D:7      | a glowing orange brain changed into a swamp worm
  5350 | D:7      | a slime creature changed into a two-headed ogre
  5350 | D:7      | Noticed a two-headed ogre (glowing shapeshifter)
  5353 | D:7      | a two-headed ogre changed into a shock serpent
  5353 | D:7      | Noticed a shock serpent (glowing shapeshifter)
  5353 | D:7      | a shock serpent changed into a redback
  5354 | D:7      | XOM: 1-stop teleportation journey
  5527 | D:7      | XOM: noise
  5573 | D:7      | XOM: 3-stop teleportation journey
  5761 | D:7      | Found a broken altar of Ashenzari.
  5787 | D:7      | Reached skill level 5 in Evocations
  5926 | D:7      | Noticed an anaconda
  5926 | D:7      | an anaconda changed into an ettin
  5926 | D:7      | Noticed an ettin (glowing shapeshifter)
  5931 | D:7      | an ettin changed into a goliath frog
  5931 | D:7      | Noticed a goliath frog (glowing shapeshifter)
  5936 | D:7      | a goliath frog changed into a ghost moth
  5936 | D:7      | Noticed a ghost moth (glowing shapeshifter)
  5950 | D:7      | Noticed a quicksilver ooze
  5952 | D:7      | a quicksilver ooze changed into an ettin
  5952 | D:7      | Noticed an ettin (glowing shapeshifter)
  5956 | D:7      | an ettin changed into a satyr
  5956 | D:7      | Noticed a satyr (glowing shapeshifter)
  6136 | D:6      | You fall into a shaft and drop 3 floors!
  6201 | D:9      | XOM: chaos cloud
  6283 | D:9      | XOM: confusion
  6287 | D:9      | XOM: silly message
  6291 | D:9      | Paralysed by a hornet for 1 turns
  6445 | D:9      | XOM: swap monsters
  6555 | D:9      | XOM: give mutation
  6555 | D:9      | Gained mutation: You are frail. (-10% HP) [Xom's mischief]
  6556 | D:9      | Gained mutation: You have a pair of antennae on your head.
                  | [demonic ancestry]
  6556 | D:9      | Reached XP level 10. HP: 68/68 MP: 10/10
  6620 | D:9      | XOM: summons 3 hostile shadow creatures
  6825 | D:8      | XOM: confusion
  6833 | D:8      | XOM: divination: detect items
  6836 | D:8      | XOM: cleaving
  6922 | D:8      | Noticed a two-headed ogre
  6930 | D:8      | Killed a two-headed ogre
  7045 | D:8      | XOM: summons 4 friendly demons
  7111 | D:8      | Noticed Amaemon
  7112 | D:8      | Noticed an orange demon
  7124 | D:8      | Killed an orange demon
  7125 | D:8      | Amaemon changed into Amaemon the cane toad
  7125 | D:8      | Noticed Amaemon
  7125 | D:8      | XOM: polymorph Amaemon -> Amaemon the cane toad
  7129 | D:8      | Amaemon the cane toad changed into Amaemon the jumping
                  | spider
  7129 | D:8      | Noticed Amaemon
  7129 | D:8      | XOM: polymorph Amaemon the cane toad -> Amaemon the jumping
                  | spider
  7132 | D:8      | Killed Amaemon the jumping spider
  7134 | D:8      | XOM: 1-stop teleportation journey
  7267 | D:8      | Noticed Maurice
  7280 | D:8      | XOM: summons 2 friendly demons
  7285 | D:8      | XOM: divine lightning
  7287 | D:8      | XOM: smoke on damage
  7288 | D:8      | Killed Maurice
  7298 | D:8      | XOM: scenery: summon butterflies
  7310 | D:8      | XOM: give mutation
  7310 | D:8      | Gained mutation: Your mind is acute. (Int +4, Str/Dex -1)
                  | [Xom's grace]
  7601 | D:8      | XOM: cloud trail
  7770 | D:7      | Noticed a moth of wrath
  7772 | D:7      | a moth of wrath changed into a two-headed ogre
  7772 | D:7      | Noticed a two-headed ogre (glowing shapeshifter)
  7773 | D:7      | a two-headed ogre changed into a slime creature
  7774 | D:7      | a slime creature changed into a broodmother
  7774 | D:7      | Noticed a broodmother (glowing shapeshifter)
  7775 | D:7      | a broodmother changed into a six-headed hydra
  7775 | D:7      | Noticed a six-headed hydra (glowing shapeshifter)
  7778 | D:7      | Killed a seven-headed hydra
  7779 | D:7      | Reached XP level 11. HP: 64/75 MP: 11/11
  8076 | D:9      | XOM: god gift: scroll labelled ILIPNI ONYBB {god gift}
  8085 | D:9      | Found a sparkling altar of Nemelex Xobeh.
  8085 | D:9      | Found a transporter.
  8086 | D:9      | Noticed a necromancer
  8099 | D:9      | Killed a necromancer
  8285 | D:9      | XOM: summons 11 friendly demons
  8403 | D:9      | XOM: summons 2 friendly demons
  8542 | D:10     | Entered Level 10 of the Dungeon
  8549 | D:10     | Noticed a two-headed ogre
  8549 | D:10     | XOM: confusion
  8563 | D:10     | Killed a two-headed ogre
  8573 | D:10     | XOM: polymorph bullfrog -> boggart
  8576 | D:10     | Found a staircase to the Lair.
  8846 | D:10     | Noticed a two-headed ogre
  8850 | D:10     | Killed a two-headed ogre
  8876 | D:10     | XOM: scenery: 1 doors open
  9422 | D:10     | Noticed a centaur warrior
  9422 | D:10     | XOM: potion effect (brilliance)
  9423 | D:10     | XOM: smoke on damage
  9424 | D:10     | Noticed a catoblepas
  9425 | D:10     | Killed a centaur warrior
  9430 | D:10     | XOM: scenery: create altars
  9431 | D:10     | XOM: summons friendly quasit
  9432 | D:10     | Killed a catoblepas
  9434 | D:10     | XOM: cast spell 'Disjunction'
  9508 | D:10     | XOM: cast spell 'Metabolic Englaciation'
  9512 | D:10     | XOM: divination: detect items
  9523 | D:10     | XOM: cloud trail
  9597 | D:10     | XOM: scenery: create altars
  9651 | D:10     | XOM: give mutations
  9651 | D:10     | Gained mutation: Your muscles are strong. (Str +4, Int/Dex
                  | -1) [Xom's grace]
  9651 | D:10     | Lost mutation: You are frail. (-10% HP) [Xom's grace]
  9956 | D:11     | a centaur changed into a glowing shapeshifter
  9956 | D:11     | Noticed a glowing shapeshifter (glowing shapeshifter)
  9956 | D:11     | XOM: polymorph centaur -> glowing shapeshifter
  9956 | D:11     | a glowing shapeshifter changed into a swamp worm
  9960 | D:11     | a swamp worm changed into a shining eye
  9960 | D:11     | Noticed a shining eye (glowing shapeshifter)
  9961 | D:11     | a shining eye changed into a wolf spider
  9961 | D:11     | Noticed a wolf spider (glowing shapeshifter)
  9965 | D:11     | a wolf spider changed into an ettin
  9965 | D:11     | Noticed an ettin (glowing shapeshifter)
  9967 | D:11     | an ettin changed into a ghost moth
  9967 | D:11     | Noticed a ghost moth (glowing shapeshifter)
  9971 | D:11     | Noticed a storm dragon
  9979 | D:11     | a storm dragon changed into a minotaur
  9979 | D:11     | Noticed a minotaur (glowing shapeshifter)
  9983 | D:11     | XOM: potion effect (heal wounds)
  9985 | D:11     | a minotaur changed into a catoblepas
  9985 | D:11     | Noticed a catoblepas (glowing shapeshifter)
  9987 | D:11     | XOM: potion effect (haste)
 10018 | Lair:1   | Entered Level 1 of the Lair of Beasts
 10127 | Lair:1   | XOM: give mutation
 10127 | Lair:1   | Gained mutation: You passively map a small area around you.
                  | [Xom's grace]
 10140 | Lair:1   | XOM: 5-stop teleportation journey
 10149 | Lair:1   | Noticed Nergalle
 10156 | Lair:1   | Nergalle changed into Nergalle the eye of devastation
 10156 | Lair:1   | Noticed Nergalle
 10156 | Lair:1   | XOM: polymorph Nergalle -> Nergalle the eye of devastation
 10165 | Lair:1   | XOM: summons 6 friendly demons
 10170 | Lair:1   | Killed Nergalle the eye of devastation
 10266 | Lair:1   | XOM: confuse monster(s)
 10270 | Lair:1   | XOM: fake destruction
 10281 | Lair:1   | Reached XP level 12. HP: 92/92 MP: 12/12
 10305 | Lair:1   | XOM: polymorph yak -> black mamba
 10591 | Lair:1   | XOM: give mutation
 10591 | Lair:1   | Gained mutation: You are frail. (-10% HP) [Xom's mischief]
 10660 | Lair:1   | XOM: noise
 10750 | Lair:1   | Reached skill level 10 in Armour
 10821 | Lair:1   | XOM: stat loss: -1 Dex (19/20)
 11156 | Lair:1   | XOM: summons 6 hostile demons
 11159 | Abyss:2  | Cast into level 2 of the Abyss (chaos spawn)
 11289 | Abyss:2  | Noticed a naga warrior
 11293 | Abyss:2  | Noticed an Executioner
 11335 | Abyss:2  | Gained mutation: You sometimes lose your temper in combat.
                  | [a neqoxec]
 11336 | Abyss:2  | XOM: swap monsters
 11360 | Abyss:2  | Noticed a tentacled starspawn
 11405 | Abyss:2  | Paralysed by an apocalypse crab for 5 turns
 11408 | Abyss:2  | XOM: torment (57/84 hp)
 11415 | Abyss:2  | Paralysed by an apocalypse crab for 4 turns
 11422 | Abyss:2  | XOM: smoke on damage
 11425 | Abyss:2  | Reached skill level 10 in Dodging
 11429 | Abyss:2  | Noticed a profane servitor
 11502 | Abyss:2  | XOM: enchant monster (bad)
 11561 | Abyss:2  | Noticed a reaper
 11566 | Abyss:2  | XOM: confuse monster(s)
 11570 | Abyss:2  | XOM: fake destruction
 11578 | Abyss:2  | XOM: polymorph large abomination -> large abomination
 11595 | Abyss:2  | Noticed a lorocyproca
 11626 | Abyss:2  | Noticed a tentacled starspawn
 11674 | Abyss:2  | Noticed a profane servitor
 11789 | Abyss:3  | XOM: summons friendly ufetubus
 11792 | Abyss:3  | Noticed a balrug
 11796 | Abyss:3  | Noticed a starcursed mass
 11806 | Abyss:3  | XOM: scenery: create altars
 11807 | Abyss:3  | HP: 4/84 [fire elemental (2)]
 11808 | Lair:1   | Escaped the Abyss
 11813 | Lair:1   | XOM: polymorph sun demon -> sixfirhy
 12096 | Lair:2   | XOM: 2-stop teleportation journey
 12124 | Lair:2   | XOM: 2-stop teleportation journey
 12218 | Lair:2   | XOM: summons friendly ynoxinul
 12224 | Lair:2   | XOM: scenery: 1 doors open
 12355 | D:8      | XOM: give mutations
 12355 | D:8      | Gained mutation: You occasionally shout uncontrollably at
                  | your foes. [Xom's mischief]
 12355 | D:8      | Gained mutation: Your body sometimes deteriorates upon
                  | taking damage. [Xom's mischief]
 12355 | D:8      | Gained mutation: Your flesh is cold resistant. (rC+) [Xom's
                  | mischief]
 12355 | D:8      | Lost mutation: You occasionally shout uncontrollably at
                  | your foes. [Xom's mischief]
 12371 | D:7      | Bought a manual of Fighting for 800 gold pieces
 12401 | D:9      | XOM: give mutations
 12401 | D:9      | Lost mutation: You sometimes lose your temper in combat.
                  | [Xom's mischief]
 12401 | D:9      | Gained mutation: You occasionally lose the ability to drink
                  | potions when taking damage. [Xom's mischief]
 12401 | D:9      | Gained mutation: You are very frail. (-20% HP) [Xom's
                  | mischief]
 12560 | Lair:2   | XOM: polymorph komodo dragon -> wind drake
 12699 | Lair:2   | XOM: summons 7 hostile demons
 12806 | Lair:2   | XOM: divine lightning
 13054 | Lair:2   | Found a hole to the Spider Nest.
 13065 | Lair:2   | XOM: draining
 13068 | Lair:2   | XOM: summons 6 hostile demons
 13602 | Lair:2   | Lost mutation: Your muscles are strong. (Str +4, Int/Dex
                  | -1) [potion of mutation]
 13602 | Lair:2   | Lost mutation: You are very frail. (-20% HP) [potion of
                  | mutation]
 13602 | Lair:2   | Lost mutation: Your body sometimes deteriorates upon taking
                  | damage. [potion of mutation]
 13602 | Lair:2   | Lost mutation: Your mind is acute. (Int +4, Str/Dex -1)
                  | [potion of mutation]
 13602 | Lair:2   | Gained mutation: You occasionally lose the ability to read
                  | scrolls when taking damage. [potion of mutation]
 14184 | Lair:3   | XOM: scenery: summon butterflies
 14334 | Lair:3   | Gained mutation: You regenerate magic rapidly. [demonic
                  | ancestry]
 14334 | Lair:3   | Reached XP level 13. HP: 65/90 MP: 13/13
 14410 | Lair:3   | XOM: give mutations
 14410 | Lair:3   | Gained mutation: You have sharp toenails. [Xom's grace]
 14410 | Lair:3   | Gained mutation: You have hidden genetic potential. [Xom's
                  | grace]
 14410 | Lair:3   | Gained mutation: You possess an exceptional clarity of
                  | mind. [Xom's grace]
 14474 | Lair:3   | Found a staircase to the Shoals.
 14489 | Lair:3   | XOM: god gift: robe {god gift}
 14729 | Lair:4   | XOM: summons friendly crimson imp
 14790 | Lair:4   | XOM: polymorph polar bear -> troll
 14818 | Lair:4   | XOM: scenery: summon butterflies
 15020 | Lair:4   | Identified the +2 leather armour of Henotheism {rElec Str+4
                  | Int+2}
 15307 | Lair:4   | Found a large runed translucent door.
 15307 | Lair:4   | Found a large runed translucent door.
 15309 | Lair:4   | Noticed Dobruq's ghost (journeyman OgTm)
 15348 | Lair:4   | XOM: give mutation
 15348 | Lair:4   | Gained mutation: Your mind is acute. (Int +4, Str/Dex -1)
                  | [Xom's grace]
 15360 | Lair:4   | Reached skill level 10 in Fighting
 15458 | Lair:4   | XOM: divination: detect creatures
 15524 | Lair:4   | XOM: stat loss: -1 Int (14/15)
 15648 | Lair:4   | XOM: god gift: sling {god gift}
 15737 | Lair:4   | XOM: give mutations
 15737 | Lair:4   | Gained mutation: You have great hidden genetic potential.
                  | [Xom's grace]
 15737 | Lair:4   | Gained mutation: Your flesh is very cold resistant. (rC++)
                  | [Xom's grace]
 15985 | Lair:4   | XOM: draining
 16009 | Lair:4   | XOM: summons 3 hostile shadow creatures
 16145 | Lair:5   | Entered Level 5 of the Lair of Beasts
 16183 | Lair:5   | XOM: silly message
 16190 | Lair:5   | XOM: potion effect (invisibility)
 16212 | Lair:5   | Found a dark tunnel.
 16222 | Lair:5   | XOM: cast spell 'Olgreb's Toxic Radiance'
 16230 | Volcano  | Entered a volcano
 16333 | Volcano  | XOM: 2-stop teleportation journey
 16334 | Volcano  | XOM: cast spell 'Call Canine Familiar'
 16336 | Volcano  | Found a burning altar of Makhleb.
 16336 | Volcano  | Noticed a red draconian
 16338 | Volcano  | XOM: silly message
 16353 | Volcano  | Slain by a salamander

Illustrated notes

Levels and vault maps discovered:
D:1:      dpeg_arrival_rhombi, layout_loops_corners, wad_floor_pattern_2
D:2:      layout_rooms, basic_altar, uniq_crazy_yiuf_cottage
D:3:      layout_loops_ring, hellmonk_ecumenical_altar_pennies_from_heaven,
          nicolae_figureground_pulse
D:4:      layout_cave_pools, old_standard_altar, gammafunk_ghost_split,
          nrook_loot_triangle, uniq_duvessa, uniq_blork_the_orc
D:5:      layout_basic, uniq_pikel, uniq_ijyb
D:6:      layout_basic, minmay_temple_entry_proselytizer, dk_noncrumbling_2,
          kennysheep_generic_room_10, uniq_sigmund
D:7:      layout_rooms, evilmike_ruin_ashenzari, mrwooster_statue_mirror,
          nicolae_shop_self_help
D:8:      layout_rooms, uniq_maurice, uniq_amaemon
D:9:      layout_small_grid, grunt_nemelex_the_gamble
D:10:     minmay_cornered_nines, layout_irregular_city,
          due_lair_maze_entry_diamond, grunt_decor_one_mirror
D:11:     layout_cave_pools, hiddenorc1_lemuel, chequers_hall_statues_y,
          minivault_19
Lair:1:   layout_cave_pods, special_room, infiniplex_staircase_pool_2,
          uniq_nergalle
Lair:2:   layout_regular_city, spider_nest_entry_funnel_web,
          beast_lair_carwin_11, grunt_megastairs_4
Lair:3:   layout_chaotic_city, shoals_dummy_entry, nicolae_lair_lindhole
Lair:4:   layout_cave_pods, ebering_ghost_disaster_area
Lair:5:   hangedman_lair_in_review, layout_gridlike, guppyfry_lair_end_dragon,
          minmay_slime_entry_jelly_boxes, lightli_volcano_entry_magma_tube,
          lemuel_fruit_fields, serial_bayou_shore_b
Volcano:  kennysheep_volcano_temple

Skill      XL: |  1  2  3  4  5  6  7  8  9 10 11 12 13 |
---------------+----------------------------------------+-----
Dodging        | 1 2 3 4 5 6 8 9 10 11 | 11.3
Axes           | 3 4 5 6 7 8 9 |  9.1
Armour         | 2 3 4 5 7 8 9 11 | 11.4
Evocations     | 1 2 3 4 5 6 7 8 |  8.8
Fighting       | 4 5 6 7 8 9 10 | 10.1

Action                   |  1- 3 |  4- 6 |  7- 9 | 10-12 | 13-15 || total
-------------------------+-------+-------+-------+-------+-------++-------
Melee: Hand axe          |    76 |   105 |    15 |       |       ||   196
       Punch             |     1 |     1 |     3 |    13 |     3 ||    21
       War axe           |       |       |   299 |   585 |   129 ||  1013
       Kick              |       |       |       |       |    56 ||    56
Throw: Throwing net      |       |       |       |     2 |       ||     2
Evoke: Piece from Xom's  |       |     2 |     2 |       |       ||     4
       Wand              |       |       |       |    12 |       ||    12
  Use: Scroll            |     2 |     6 |     9 |    20 |     1 ||    38
       Potion            |     1 |     1 |     6 |    13 |     3 ||    24
 Stab: Sleeping          |     1 |       |       |       |       ||     1
       Confused          |       |       |     4 |     3 |       ||     7
       Paralysed         |       |       |     4 |       |       ||     4
       Distracted        |       |       |       |     3 |       ||     3
       Invisible         |       |       |       |       |     3 ||     3
Armor: Leather armour    |     7 |       |       |       |       ||     7
       Ring mail         |    18 |    19 |       |       |       ||    37
       Crystal plate arm |       |    22 |   339 |   589 |   110 ||  1060
Dodge: Dodged            |    23 |    30 |    68 |   313 |    92 ||   526
Block: Other             |     1 |    16 |    87 |   180 |    38 ||   322
       Reflection        |       |       |     4 |     8 |       ||    12

Table legend: (Time is in decaauts)
 A = Elapsed time spent in this place.
 B = Non-inter-level travel time spent in this place.
 C = Inter-level travel time spent in this place.
 D = Time resting spent in this place.
 E = Time spent auto-exploring this place.
 F = Levels seen in this place.
 G = Mean time per level.
                   A        B        C        D        E       F      G
               +--------+--------+--------+--------+--------+-----+--------+
         Total |  16460 |  15768 |    692 |    663 |  12023 |  19 |  866.3 |
       Dungeon |  10247 |   9780 |    467 |    533 |   7397 |  11 |  931.5 |
          Lair |   5486 |   5261 |    225 |     44 |   4378 |   5 | 1097.2 |
         Abyss |    604 |    604 |      0 |      0 |    231 |   2 |  302.0 |
       Volcano |    122 |    122 |      0 |     86 |     15 |   1 |  122.0 |
               +--------+--------+--------+--------+--------+-----+--------+

Top non-repeatable levels by time:
  Lair:2: 1674 daAuts
  Lair:4: 1433 daAuts
    D:10: 1312 daAuts
  Lair:1: 1228 daAuts
     D:9: 1143 daAuts
     D:8: 1138 daAuts
     D:5: 1110 daAuts
     D:7: 1105 daAuts
  Lair:3: 1063 daAuts
     D:3: 967 daAuts
     D:1: 902 daAuts
     D:6: 827 daAuts
     D:4: 781 daAuts
     D:2: 735 daAuts
 Abyss:2: 500 daAuts
